[Event "ICC tourney 2784 (30 10)"]
[Site "Internet Chess Club"]
[Date "2022.01.02"]
[Round "3"]
[White "Vishwa, Susheel:sushivishwa"]
[Black "TU, LAWRENCE:LawrenceTu"]
[Result "1/2-1/2"]
[ICCResult "Game drawn by repetition"]
[WhiteElo "1964"]
[BlackElo "1633"]
[Opening "Sicilian: Alapin's variation (2.c3)"]
[ECO "B22"]
[NIC "SI.46"]
[Time "16:17:55"]
[PlyCount "91"]
[TimeControl "1800+10"]

1. e4 c5 2. c3 d5 3. exd5 Qxd5 4. d4 Nc6 5. f3 Nf6 6. Ne2 e5 7. dxe5 Qxd1+
8. Kxd1 Nxe5 9. Ng3 Bd6 10. Bb5+ Bd7 11. Nf5 Bf8 12. Na3 O-O-O 13. Bxd7+
Rxd7+ 14. Kc2 g6 15. Bg5 Nd5 16. Ne3 Nxe3+ 17. Bxe3 b6 18. Rad1 Bg7 19. Rxd7
Kxd7 20. Rd1+ Kc6 21. Bf4 Re8 22. Bg3 a6 23. Re1 Re6 24. f4 Ng4 25. Rxe6+
fxe6 26. Kd3 b5 27. Nc2 e5 28. h3 exf4 29. Bxf4 Nf2+ 30. Ke2 Ne4 31. Kd3 Nf6
32. Ne3 c4+ 33. Ke2 Nd5 34. Nxd5 Kxd5 35. Ke3 a5 36. Kf3 b4 37. Bd2 a4 38.
a3 bxa3 39. bxa3 Bf8 40. Bc1 Ke5 41. g4 h5 42. Bf4+ Kd5 43. Bc1 Ke5 44. Bf4+
Kd5 45. Bc1 Ke5 46. Bf4+ {Game drawn by repetition} 1/2-1/2

[Event "ICC tourney 2784 (30 10)"]
[Site "Internet Chess Club"]
[Date "2022.01.02"]
[Round "3"]
[White "THAIN, JACK:jt1819"]
[Black "WANG, ISAAC:CoastalJourney"]
[Result "0-1"]
[ICCResult "White resigns"]
[WhiteElo "1701"]
[BlackElo "1541"]
[Opening "Queen's pawn: Chigorin variation"]
[ECO "D00"]
[NIC "QP.08"]
[Time "16:00:47"]
[PlyCount "116"]
[TimeControl "1800+10"]

1. d4 d5 2. Nc3 Nf6 3. Bf4 c6 4. e3 Bf5 5. f3 e6 6. g4 Bg6 7. h4 h5 8. g5
Nfd7 9. e4 Bb4 10. Bd3 Qe7 11. Ne2 dxe4 12. fxe4 e5 13. dxe5 Nxe5 14. Bxe5
Qxe5 15. Qd2 Nd7 16. O-O-O O-O-O 17. a3 Ba5 18. Qe3 Bb6 19. Qf3 Nc5 20. Nf4
Rhe8 21. Nxg6 fxg6 22. Qf7 Ba5 23. Nb1 Nxd3+ 24. cxd3 Qc5+ 25. Qc4 Qxc4+ 26.
dxc4 Rxe4 27. Rxd8+ Kxd8 28. c5 Rc4+ 29. Kd1 Rxc5 30. b4 Rd5+ 31. Ke2 Bc7
32. Nc3 Re5+ 33. Kf3 Ke7 34. Ne4 Rf5+ 35. Ke3 Bb6+ 36. Ke2 Rf4 37. Nd2 Ke6
38. Kd3 Kf5 39. Nc4 Rf3+ 40. Ke2 Rc3 41. Nd6+ Kg4 42. a4 Rh3 43. Rc1 Kxh4
44. Nxb7 Kxg5 45. Rxc6 Re3+ 46. Kd2 Rb3 47. a5 Be3+ 48. Ke2 Rxb4 49. Nd6 Bf4
50. Nf7+ Kf5 51. a6 Re4+ 52. Kf3 Re3+ 53. Kg2 Re7 54. Nd8 Rc7 55. Re6 Bg5
56. Rc6 Bxd8 57. Re6 Kxe6 58. Kg3 Rc3+ {White resigns} 0-1

[Event "ICC tourney 2784 (30 10)"]
[Site "Internet Chess Club"]
[Date "2022.01.02"]
[Round "3"]
[White "WAKIDA, KEN:Yamato1945"]
[Black "PRIYADARSHI, VED:ved2006"]
[Result "0-1"]
[ICCResult "White resigns"]
[WhiteElo "1617"]
[BlackElo "1650"]
[Opening "QGD Slav: 4.Nc3"]
[ECO "D15"]
[NIC "SL.03"]
[Time "16:00:46"]
[PlyCount "194"]
[TimeControl "1800+10"]

1. d4 d5 2. c4 c6 3. Nf3 Nf6 4. Nc3 Bf5 5. Bg5 e6 6. e3 Nbd7 7. Be2 Qb6 8.
Qd2 Bb4 9. Qc1 Ne4 10. O-O Nxg5 11. Nxg5 Be7 12. Nf3 h6 13. Qd2 O-O 14. h3
Rac8 15. Bd3 Bxd3 16. Qxd3 Bf6 17. cxd5 cxd5 18. Qd2 Rc7 19. Rac1 Rfc8 20.
Rc2 Qa6 21. Rfc1 Nb6 22. Ne1 Be7 23. Nd3 Nc4 24. Qe2 b5 25. Nd1 Qxa2 26. Qf3
Bd6 27. Nc3 Qa6 28. b4 Qb6 29. Ne2 a5 30. bxa5 Nxa5 31. Rxc7 Rxc7 32. Rxc7
Qxc7 33. Nef4 Qc3 34. Qg4 Bxf4 35. Nxf4 Qe1+ 36. Kh2 Qxf2 37. Nh5 g6 38. Nf4
Qxe3 39. Nxg6 fxg6 40. Qxg6+ Kf8 41. Qf6+ Ke8 42. Qh8+ Kf7 43. Qh7+ Kf6 44.
Qh8+ Kf5 45. Qh7+ Kf6 46. Qh8+ Ke7 47. Qg7+ Kd6 48. Qf8+ Kd7 49. Qf7+ Kc6
50. Qe8+ Kb6 51. Qd8+ Ka6 52. Qa8+ Kb6 53. Qd8+ Kc6 54. Qc8+ Kd6 55. Qd8+
Kc6 56. Qc8+ Kb6 57. Qd8+ Kb7 58. Qd7+ Ka6 59. Qd6+ Ka7 60. Qc5+ Ka6 61.
Qd6+ Nc6 62. Qxc6+ Ka5 63. Qc7+ Ka4 64. Qa7+ Kb3 65. Qb6 Qe2 66. Qc5 Qc4 67.
Qf8 Qxd4 68. Qxh6 Qe5+ 69. Kh1 d4 70. Qc1 d3 71. Qb1+ Kc4 72. Qc1+ Qc3 73.
Qf4+ Kb3 74. Qe4 Qc4 75. Qe3 Kb2 76. Qd2+ Qc2 77. Qb4+ Qb3 78. Qd2+ Kb1 79.
Kh2 Qc4 80. Qd1+ Kb2 81. Qd2+ Kb3 82. Qd1+ Kc3 83. Qa1+ Kd2 84. Qb2+ Kd1 85.
Qb1+ Kd2 86. Qb2+ Ke3 87. Qe5+ Qe4 88. Qxb5 d2 89. Qb3+ Ke2 90. Qb5+ Ke1 91.
Qa5 e5 92. g4 Qf4+ 93. Kg2 Qf2+ 94. Kh1 Qg3 95. g5 Qxh3+ 96. Kg1 Qg4+ 97.
Kh1 Qxg5 {White resigns} 0-1

[Event "ICC tourney 2784 (30 10)"]
[Site "Internet Chess Club"]
[Date "2022.01.02"]
[Round "3"]
[White "PU, LANDON:landonp"]
[Black "LIN, BENJAMIN GU:bgl2011"]
[Result "1-0"]
[ICCResult "Black checkmated"]
[WhiteElo "1632"]
[BlackElo "1655"]
[Opening "Ruy Lopez: closed, Averbach variation"]
[ECO "C87"]
[NIC "RL.16"]
[Time "16:00:51"]
[PlyCount "79"]
[TimeControl "1800+10"]

1. e4 e5 2. Nf3 Nc6 3. Bb5 a6 4. Ba4 Nf6 5. O-O Be7 6. Re1 d6 7. c3 O-O 8.
h3 b5 9. Bc2 Re8 10. d4 Bf8 11. Nbd2 Bd7 12. Nf1 Rb8 13. Ng3 a5 14. Bg5 h6
15. Be3 b4 16. c4 exd4 17. Nxd4 Ne5 18. b3 c5 19. Ndf5 Bxf5 20. Nxf5 Ng6 21.
Bc1 Qc7 22. Bb2 Nd7 23. Qd5 Nb6 24. Qd2 a4 25. Rad1 Rbd8 26. g4 Ne5 27. Qe3
Nc6 28. g5 h5 29. Qf3 Nd4 30. Nxd4 cxd4 31. Bxd4 Nd7 32. Qxh5 Ne5 33. f4 Ng6
34. f5 Ne5 35. g6 fxg6 36. fxg6 Nxg6 37. Qxg6 Rd7 38. Rf1 Rde7 39. e5 dxe5
40. Qh7# {Black checkmated} 1-0

[Event "ICC tourney 2784 (30 10)"]
[Site "Internet Chess Club"]
[Date "2022.01.02"]
[Round "3"]
[White "PHADKE, VIRAJ SHARAD:virajphadke"]
[Black "LIU, PATRICK PEIJUN:JunlinTheWorld"]
[Result "0-1"]
[ICCResult "White resigns"]
[WhiteElo "1598"]
[BlackElo "1817"]
[Opening "Catalan: open, classical line"]
[ECO "E05"]
[NIC "CA.05"]
[Time "16:00:52"]
[PlyCount "128"]
[TimeControl "1800+10"]

1. d4 d5 2. c4 e6 3. g3 Nf6 4. Bg2 Be7 5. Nf3 dxc4 6. O-O O-O 7. Ne5 Nc6 8.
Nxc6 bxc6 9. Bxc6 Rb8 10. Nc3 Bb7 11. Qa4 Bxc6 12. Qxc6 Qxd4 13. Rd1 Qc5 14.
Qf3 Rfd8 15. Rxd8+ Rxd8 16. Be3 Qb4 17. Bxa7 c5 18. a4 Nd5 19. Nb5 Qxb2 20.
Re1 c3 21. e4 Nb4 22. Qxc3 Qxc3 23. Nxc3 Ra8 24. Bb6 Bf6 25. e5 Nd3 26. Rd1
Nxe5 27. Ne4 Rxa4 28. Nxf6+ gxf6 29. Bxc5 Kg7 30. Kg2 Ng6 31. Be3 Ne7 32.
Rd4 Rxd4 33. Bxd4 Kg6 34. h4 Nc6 35. Bc5 h5 36. f3 Kf5 37. Kh3 Ne5 38. Kg2
Nd3 39. Ba7 e5 40. Bb6 Kg6 41. Bc7 f5 42. Kf1 Kf6 43. Ke2 Nc5 44. Bd8+ Ke6
45. f4 e4 46. Bb6 Nd7 47. Be3 Kd5 48. Kd2 Nf6 49. Ba7 Ng4 50. Kc3 Nh2 51.
Bg1 Nf1 52. Bf2 e3 53. Be1 Ke4 54. Kc4 Kf3 55. Kd3 e2 56. Kd4 Ne3 57. Ke5
Ng2 58. Bc3 Kg4 59. Kf6 e1=Q 60. Bxe1 Nxe1 61. Kxf7 Kxg3 62. Kf6 Kxf4 63.
Kg6 Kg4 64. Kf6 f4 {White resigns} 0-1

[Event "ICC tourney 2784 (30 10)"]
[Site "Internet Chess Club"]
[Date "2022.01.02"]
[Round "3"]
[White "CHINNI, RISHABH:alphachesplayer"]
[Black "TANG, VINCENT:VincentT2008"]
[Result "1-0"]
[ICCResult "Black checkmated"]
[WhiteElo "1555"]
[BlackElo "1767"]
[Opening "Ruy Lopez: closed (10...c5)"]
[ECO "C96"]
[NIC "RL.23"]
[Time "16:00:48"]
[PlyCount "105"]
[TimeControl "1800+10"]

1. e4 e5 2. Nf3 Nc6 3. Bb5 a6 4. Ba4 Nf6 5. O-O Be7 6. Re1 b5 7. Bb3 d6 8.
c3 O-O 9. h3 Na5 10. Bc2 c5 11. d4 cxd4 12. cxd4 Qc7 13. b3 Nc6 14. a3 Nxd4
15. Nxd4 exd4 16. Bb2 Bb7 17. Bxd4 Rac8 18. Nc3 Nd7 19. Rc1 Bf6 20. Bb1 Qa5
21. Qd3 Bxd4 22. e5 Bxf2+ 23. Kxf2 Qb6+ 24. Kf1 g6 25. Qxd6 Qd8 26. Be4 Nc5
27. Qxd8 Rfxd8 28. Bxb7 Nxb7 29. Ne4 Kg7 30. Nf6 Nc5 31. Re3 Ne6 32. Rec3
Ra8 33. b4 a5 34. g3 axb4 35. axb4 Rd2 36. Rc8 Raa2 37. Rg8+ Kh6 38. Rh8
Rf2+ 39. Kg1 Rg2+ 40. Kh1 Rh2+ 41. Kg1 Rag2+ 42. Kf1 Rxg3 43. Rxh7+ Kg5 44.
Ne4+ Kf4 45. Nxg3 Kxg3 46. Rc3+ Kf4 47. Rxf7+ Kxe5 48. Rb7 Nd4 49. Rg7 Rb2
50. Rxg6 Rxb4 51. Rc5+ Kf4 52. Rg4+ Kf3 53. Rc3# {Black checkmated} 1-0

[Event "ICC tourney 2784 (30 10)"]
[Site "Internet Chess Club"]
[Date "2022.01.02"]
[Round "3"]
[White "AYYAPPAN, SANTHOSH:SanthoshA"]
[Black "Jin, Xiaodong:SuperWJ"]
[Result "1/2-1/2"]
[ICCResult "Game drawn because neither player has mating material"]
[WhiteElo "1643"]
[BlackElo "1615"]
[Opening "Grünfeld: exchange variation"]
[ECO "D85"]
[NIC "GI.04"]
[Time "16:00:48"]
[PlyCount "122"]
[TimeControl "1800+10"]

1. d4 Nf6 2. c4 g6 3. Nc3 d5 4. cxd5 Nxd5 5. e4 Nxc3 6. bxc3 Bg7 7. Be3 c5
8. Rc1 Qa5 9. Qd2 Nc6 10. d5 Nb8 11. c4 Qxd2+ 12. Bxd2 O-O 13. Bd3 Nd7 14.
f4 a6 15. Nf3 Rb8 16. Rb1 h6 17. O-O Nf6 18. Be3 Nd7 19. e5 b6 20. e6 fxe6
21. dxe6 Nf6 22. Bxc5 Bxe6 23. Bxe7 Rf7 24. Bxf6 Rxf6 25. g3 Bh3 26. Rfe1
Rd8 27. Bf1 Bf5 28. Rbd1 Rfd6 29. Re8+ Rxe8 30. Rxd6 Re6 31. Rd8+ Kh7 32. h3
Re3 33. Kf2 Ra3 34. Rd2 Bb1 35. g4 Rxa2 36. Rxa2 Bxa2 37. Bd3 a5 38. Nh4 a4
39. Nxg6 Bb2 40. Ne7+ Kg7 41. Nd5 Bb3 42. Ke3 b5 43. Nb4 bxc4 44. Bb1 c3 45.
Kd3 a3 46. h4 c2 47. Bxc2 a2 48. Nxa2 Bxa2 49. Bd1 Bc1 50. Ke4 Kf6 51. Be2
Bb1+ 52. Kf3 h5 53. gxh5 Kf5 54. h6 Bxf4 55. h7 Be5 56. Ba6 Kg6 57. Bb7 Kxh7
58. Be4+ Bxe4+ 59. Kxe4 Bg3 60. h5 Kh6 61. Kf3 Kxh5
{Game drawn because neither player has mating material}
1/2-1/2

[Event "ICC tourney 2784 (30 10)"]
[Site "Internet Chess Club"]
[Date "2022.01.02"]
[Round "4"]
[White "TANG, VINCENT:VincentT2008"]
[Black "DAS, ADITEYA:AdiD"]
[Result "0-1"]
[ICCResult "White resigns"]
[WhiteElo "1767"]
[BlackElo "1436"]
[Opening "Old Indian defense"]
[ECO "A53"]
[NIC "OI.04"]
[Time "18:01:06"]
[PlyCount "58"]
[TimeControl "1800+10"]

1. d4 d6 2. c4 Nf6 3. Nc3 c6 4. e4 Qa5 5. f3 e5 6. d5 Be7 7. Be3 Bd7 8. Qd2
Na6 9. Nge2 Nc5 10. Ng3 Nb3 11. Qd1 Nxa1 12. Qxa1 cxd5 13. cxd5 a6 14. Be2
Bb5 15. Bxb5+ axb5 16. O-O b4 17. Nd1 Qxa2 18. Qc1 O-O 19. Nf5 Rfe8 20. Nf2
Bf8 21. Ng4 Nxg4 22. fxg4 Rac8 23. Qe1 Qxb2 24. g5 Rc2 25. Bf2 Rec8 26. Qe3
Rc1 27. Nh6+ gxh6 28. gxh6 Rxf1+ 29. Kxf1 Qc1+ {White resigns} 0-1

[Event "ICC tourney 2784 (30 10)"]
[Site "Internet Chess Club"]
[Date "2022.01.02"]
[Round "4"]
[White "TREUSDELL, ROSS G:IveDoneEnough"]
[Black "BIST, ATHARVA:Atharva10"]
[Result "0-1"]
[ICCResult "White resigns"]
[WhiteElo "1754"]
[BlackElo "1861"]
[Opening "French: Tarrasch, Eliskases variation"]
[ECO "C07"]
[NIC "FR.19"]
[Time "18:00:13"]
[PlyCount "88"]
[TimeControl "1800+10"]

1. e4 e6 2. d4 d5 3. Nd2 c5 4. exd5 Qxd5 5. Ngf3 cxd4 6. Bc4 Qd8 7. O-O a6
8. a4 Bd6 9. Nb3 Ne7 10. Nfxd4 Bxh2+ 11. Kxh2 Qc7+ 12. Kg1 Qxc4 13. Re1 O-O
14. Qf3 Nbc6 15. Be3 Bd7 16. Rad1 Nxd4 17. Rxd4 Qc7 18. Bf4 Qc6 19. Qd3 Nd5
20. Be5 f6 21. Bg3 Be8 22. c4 Nb4 23. Qd2 a5 24. Nxa5 Rxa5 25. Qxb4 Rxa4 26.
Qc3 e5 27. Rh4 Bg6 28. b3 Ra2 29. c5 Rc2 30. Qb4 Rxc5 31. Rd1 Rc8 32. Kh2
Bf5 33. f3 Rc2 34. Rf1 Rd8 35. Be1 Ra8 36. Rc4 Rxc4 37. bxc4 Bd3 38. Rf2
Bxc4 39. Rc2 b5 40. Bf2 Rc8 41. Rd2 Qe8 42. Qa5 h6 43. Qa7 Ra8 44. Qc7 Qh5+
{White resigns}
0-1

[Event "ICC tourney 2784 (30 10)"]
[Site "Internet Chess Club"]
[Date "2022.01.02"]
[Round "4"]
[White "PU, LANDON:landonp"]
[Black "THAIN, JACK:jt1819"]
[Result "1-0"]
[ICCResult "Black resigns"]
[WhiteElo "1632"]
[BlackElo "1701"]
[Opening "Caro-Kann: advance variation"]
[ECO "B12"]
[NIC "CK.04"]
[Time "18:00:17"]
[PlyCount "35"]
[TimeControl "1800+10"]

1. e4 c6 2. d4 d5 3. e5 Bf5 4. Nf3 e6 5. Be2 c5 6. c4 Nc6 7. O-O Bxb1 8.
Rxb1 cxd4 9. Nxd4 Bc5 10. Nxc6 bxc6 11. b4 Rb8 12. Qa4 Qd7 13. Bf4 Bb6 14.
c5 Bd8 15. b5 Ne7 16. bxc6 Nxc6 17. Rxb8 Nxb8 18. Bb5 {Black resigns} 1-0

[Event "ICC tourney 2784 (30 10)"]
[Site "Internet Chess Club"]
[Date "2022.01.02"]
[Round "4"]
[White "BAJAJ, ARJUN:LuckyNessLover"]
[Black "VIDENA, DANIEL TUAPEN:Davide25"]
[Result "0-1"]
[ICCResult "White resigns"]
[WhiteElo "1551"]
[BlackElo "1633"]
[Opening "Caro-Kann: Panov-Botvinnik attack"]
[ECO "B13"]
[NIC "CK.03"]
[Time "18:00:13"]
[PlyCount "50"]
[TimeControl "1800+10"]

1. e4 c6 2. d4 d5 3. exd5 cxd5 4. c4 Nf6 5. Nc3 Nc6 6. Nf3 Bg4 7. Bg5 e6 8.
Be2 Be7 9. O-O O-O 10. h3 Bh5 11. g4 Bg6 12. cxd5 Nxd5 13. Bxe7 Ndxe7 14. h4
h6 15. h5 Bh7 16. Bd3 Bxd3 17. Qxd3 Qa5 18. Ne4 Rfd8 19. g5 hxg5 20. Nexg5
Nf5 21. Qe4 Qd5 22. Qg4 Ncxd4 23. Nh4 Nxh4 24. h6 Qxg5 25. Qxg5 Nhf3+
{White resigns}
0-1

[Event "ICC tourney 2784 (30 10)"]
[Site "Internet Chess Club"]
[Date "2022.01.02"]
[Round "4"]
[White "OPASKA, MICHAEL:mopaska1106"]
[Black "Vishwa, Susheel:sushivishwa"]
[Result "1-0"]
[ICCResult "Black checkmated"]
[WhiteElo "1874"]
[BlackElo "1964"]
[Opening "Dutch: classical variation"]
[ECO "A96"]
[NIC "HD.01"]
[Time "18:00:19"]
[PlyCount "69"]
[TimeControl "1800+10"]

1. d4 f5 2. c4 e6 3. Nf3 Nf6 4. g3 Be7 5. Bg2 O-O 6. O-O d6 7. Nc3 Ne4 8.
Qd3 Nxc3 9. Qxc3 a5 10. b3 Nc6 11. a3 Bf6 12. Bb2 e5 13. dxe5 dxe5 14. Rad1
Qe8 15. e4 f4 16. b4 Qh5 17. b5 Nd4 18. Nxd4 exd4 19. Qd3 Bh3 20. gxf4 Bxg2
21. Kxg2 Bh4 22. Qf3 Qh6 23. f5 g6 24. Bxd4 Rae8 25. Kh1 Rf7 26. f6 Bg5 27.
c5 Qh4 28. e5 Bf4 29. h3 Bxe5 30. Bxe5 Rxe5 31. Rd8+ Rf8 32. Qb3+ Qc4 33.
Qxc4+ Rd5 34. Qxd5+ Kh8 35. Rxf8# {Black checkmated} 1-0

[Event "ICC tourney 2784 (30 10)"]
[Site "Internet Chess Club"]
[Date "2022.01.02"]
[Round "4"]
[White "REISS, AIDEN:K09-16581243"]
[Black "WANG, ALEXANDER J:ickyquarter"]
[Result "1/2-1/2"]
[ICCResult "Game drawn by mutual agreement"]
[WhiteElo "1817"]
[BlackElo "1865"]
[Opening "Sicilian: Keres variation (2.Ne2)"]
[ECO "B20"]
[NIC "SI.48"]
[Time "18:00:12"]
[PlyCount "90"]
[TimeControl "1800+10"]

1. e4 c5 2. Ne2 d6 3. g3 Nf6 4. Bg2 g6 5. c3 Bg7 6. d4 e5 7. O-O O-O 8. h3
Nc6 9. Be3 b6 10. f4 Ba6 11. d5 Nb8 12. Nd2 Nbd7 13. f5 h6 14. c4 b5 15. Qc2
bxc4 16. Nxc4 Nb6 17. b3 Nxc4 18. bxc4 Rb8 19. Rab1 Qa5 20. Rb3 Rb4 21. Bd2
Rxc4 22. Qxc4 Bxc4 23. Bxa5 Bxe2 24. Rf2 Bc4 25. Rc3 Bb5 26. Rb2 a6 27. Bc7
Ne8 28. Bd8 Bf6 29. Bxf6 Nxf6 30. a4 Bxa4 31. Rb6 Rd8 32. Rxa6 Bb5 33. Rb6
Ba4 34. Rc4 Be8 35. fxg6 fxg6 36. h4 g5 37. hxg5 hxg5 38. Bf3 Bg6 39. Rxc5
Bxe4 40. Bxe4 Nxe4 41. Rcc6 Kf7 42. Kg2 Ke7 43. Rc7+ Rd7 44. Rxd7+ Kxd7 45.
Rb7+ Ke8 {Game drawn by mutual agreement} 1/2-1/2

[Event "ICC tourney 2784 (30 10)"]
[Site "Internet Chess Club"]
[Date "2022.01.02"]
[Round "4"]
[White "TU, LAWRENCE:LawrenceTu"]
[Black "Luo, Will:willluowin"]
[Result "0-1"]
[ICCResult "White resigns"]
[WhiteElo "1633"]
[BlackElo "1692"]
[Opening "English: Mikenas-Carls variation"]
[ECO "A18"]
[NIC "EO.57"]
[Time "18:01:06"]
[PlyCount "154"]
[TimeControl "1800+10"]

1. c4 Nf6 2. Nc3 e6 3. e4 d5 4. cxd5 exd5 5. exd5 Nxd5 6. d4 c6 7. Nf3 Be6
8. Be2 Bd6 9. O-O O-O 10. h3 Nd7 11. Bg5 Be7 12. Bxe7 Qxe7 13. Re1 N7f6 14.
Bc4 Qd7 15. Ne5 Qc7 16. Nxd5 Bxd5 17. Bxd5 Nxd5 18. Rc1 Qd6 19. Qb3 Rab8 20.
a3 Rfe8 21. Qf3 f6 22. Nc4 Qf4 23. Qxf4 Nxf4 24. Nd6 Red8 25. Nf5 Nd3 26.
Red1 Nxc1 27. Rxc1 g6 28. Nh6+ Kg7 29. Ng4 Rxd4 30. Ne3 Rbd8 31. Rc3 Rd2 32.
Rb3 b6 33. Rc3 c5 34. b4 cxb4 35. axb4 R2d4 36. b5 R8d7 37. Rb3 Kf7 38. Kh2
Rd3 39. Rb4 R7d4 40. Rb2 Rd2 41. Rb3 Rxf2 42. Ra3 Rd7 43. Ng4 Rb2 44. Rf3
Rd6 45. Ne5+ Ke6 46. Nc4 Rbd2 47. Re3+ Kf7 48. Rf3 R6d5 49. Nxd2 Rxd2 50.
Ra3 Rd7 51. Kg3 Ke6 52. Rc3 Rd5 53. Rc7 Rxb5 54. Rxa7 h5 55. Rb7 Kd6 56. Kf3
Rb1 57. Rg7 g5 58. Rf7 Ke6 59. Rh7 h4 60. Rb7 b5 61. Ke4 Rb4+ 62. Ke3 Ke5
63. Re7+ Kf5 64. Rb7 Rb2 65. Kf3 Rb3+ 66. Ke2 Kf4 67. Rb6 f5 68. Rc6 Rb2+
69. Kf1 b4 70. Rc4+ Ke3 71. Rc1 b3 72. g3 hxg3 73. Rc3+ Ke4 74. Rxg3 Rb1+
75. Ke2 b2 76. Rb3 Rh1 77. Rb4+ Kd5 {White resigns} 0-1

[Event "ICC tourney 2784 (30 10)"]
[Site "Internet Chess Club"]
[Date "2022.01.02"]
[Round "4"]
[White "VIKAS, HEMA:madscience08"]
[Black "SIMPSON, MICHAEL:MichaelSimpson"]
[Result "0-1"]
[ICCResult "White checkmated"]
[WhiteElo "1407"]
[BlackElo "1950"]
[Opening "Sicilian defense"]
[ECO "B40"]
[NIC "SI.43"]
[Time "18:00:16"]
[PlyCount "100"]
[TimeControl "1800+10"]

1. e4 c5 2. Nf3 e6 3. d3 Nc6 4. g3 Nge7 5. Bg2 d5 6. Nbd2 g6 7. O-O Bg7 8.
Re1 O-O 9. c3 b5 10. e5 a5 11. d4 cxd4 12. cxd4 a4 13. Nf1 Qb6 14. Ne3 b4
15. h4 Bd7 16. Qd2 Na5 17. Ng4 Bc6 18. Nf6+ Kh8 19. h5 Nc4 20. Qg5 Nf5 21.
h6 Bxh6 22. Nxd5 Bxd5 23. Qf6+ Bg7 24. Qg5 Qc6 25. Nh4 Nxh4 26. Bxd5 Nf3+
27. Bxf3 Qxf3 28. Bf4 h6 29. Qh4 Qh5 30. Qe7 g5 31. Qxb4 gxf4 32. Qxc4 fxg3
33. fxg3 Qf3 34. Kh2 Rfc8 35. Qe2 Qxe2+ 36. Rxe2 Rc4 37. Rf1 Kg8 38. Rf4 Rd8
39. Ref2 Rcxd4 40. Rxf7 Rd2 41. Kh3 Bxe5 42. b3 a3 43. Rxd2 Rxd2 44. Re7
Rxa2 45. Rxe6 Re2 46. b4 a2 47. b5 a1=Q 48. b6 Qb1 49. Rc6 Qf5+ 50. g4 Rh2#
{White checkmated}
0-1

[Event "ICC tourney 2784 (30 10)"]
[Site "Internet Chess Club"]
[Date "2022.01.02"]
[Round "4"]
[White "Laido, Olivia:beibeiolivia"]
[Black "AYYAPPAN, SANTHOSH:SanthoshA"]
[Result "1-0"]
[ICCResult "Black checkmated"]
[WhiteElo "1409"]
[BlackElo "1643"]
[Opening "Giuoco Piano"]
[ECO "C54"]
[NIC "IG.02"]
[Time "18:01:06"]
[PlyCount "103"]
[TimeControl "1800+10"]

1. e4 e5 2. Nf3 Nc6 3. Bc4 Bc5 4. c3 Nf6 5. d3 d6 6. Nbd2 O-O 7. O-O Be6 8.
Bb3 Bxb3 9. Qxb3 Bb6 10. Re1 Qe7 11. Nf1 a5 12. Ng3 Qe6 13. Qc2 g6 14. Bh6
Bxf2+ 15. Qxf2 Ng4 16. Qd2 Nxh6 17. Qxh6 Qf6 18. Rf1 Qg7 19. Qh4 f6 20. Nd2
Rad8 21. Nc4 b6 22. Ne3 Ne7 23. Ng4 g5 24. Qh3 Qg6 25. Nh6+ Kh8 26. Ngf5
Nxf5 27. Nxf5 Rf7 28. Nh6 Rff8 29. Ng4 d5 30. exd5 Rxd5 31. Rad1 c5 32. Qf3
Rdd8 33. Qc6 Kg7 34. Qxb6 h5 35. Nf2 Rb8 36. Qxc5 Rxb2 37. Qxa5 Rfb8 38.
Qc7+ Kg8 39. Ne4 f5 40. Ng3 f4 41. Ne4 Qf5 42. Qe7 g4 43. a4 f3 44. gxf3
gxf3 45. Rxf3 Qxf3 46. Nf6+ Qxf6 47. Qxf6 Kh7 48. Qf7+ Kh6 49. Rf1 R8b6 50.
Qf8+ Kh7 51. Rf7+ Kg6 52. Qg7# {Black checkmated} 1-0

[Event "ICC tourney 2784 (30 10)"]
[Site "Internet Chess Club"]
[Date "2022.01.02"]
[Round "4"]
[White "Jin, Xiaodong:SuperWJ"]
[Black "LIN, BENJAMIN GU:bgl2011"]
[Result "1-0"]
[ICCResult "Black checkmated"]
[WhiteElo "1615"]
[BlackElo "1655"]
[Opening "Neo-Grünfeld, 6.O-O, main line"]
[ECO "D79"]
[NIC "GI.02"]
[Time "18:01:06"]
[PlyCount "167"]
[TimeControl "1800+10"]

1. d4 Nf6 2. Nf3 d5 3. g3 g6 4. Bg2 Bg7 5. O-O O-O 6. c4 c6 7. cxd5 cxd5 8.
Nc3 Nc6 9. a3 Bf5 10. Qb3 b6 11. Bg5 Re8 12. e3 Qd7 13. Bxf6 exf6 14. Qxd5
Qb7 15. Nh4 Bd7 16. Rac1 a6 17. b4 b5 18. Ne4 Red8 19. Nc5 Qa7 20. Nxd7 Rxd7
21. Qxc6 Rad8 22. Qc5 Qb8 23. Rc2 Bf8 24. Qc6 Rd6 25. Qc7 R6d7 26. Qxb8 Rxb8
27. Rfc1 Rb6 28. Rc8 Kg7 29. R8c6 Rdb7 30. Rxb6 Rxb6 31. Rc6 Rxc6 32. Bxc6
Bd6 33. Bb7 a5 34. bxa5 Bc7 35. a6 Bb6 36. Bc6 Kf8 37. Bxb5 Ke7 38. Nf3 Kd6
39. Nd2 Kd5 40. Bc4+ Kc6 41. Bxf7 Kb5 42. Bg8 h6 43. Nc4 Ba7 44. d5 Kxa6 45.
d6 Bb8 46. d7 Bc7 47. Nd6 Kb6 48. Ne8 Bd8 49. Be6 Kc6 50. a4 f5 51. f3 Be7
52. Kf1 Kb6 53. Ke2 Ka5 54. Nd6 Kxa4 55. Nb7 Kb5 56. d8=Q Bxd8 57. Nxd8 Kc5
58. Nf7 Kc6 59. Nxh6 Kd6 60. Bxf5 gxf5 61. Nxf5+ Ke6 62. e4 Kf6 63. h4 Kg6
64. Ke3 Kf6 65. Kd4 Ke6 66. h5 Kf6 67. Kd5 Kf7 68. Kd6 Ke8 69. e5 Kf8 70.
Ke6 Ke8 71. Kf6 Kf8 72. Kg6 Kg8 73. e6 Kf8 74. e7+ Ke8 75. h6 Kd7 76. h7 Ke6
77. e8=Q+ Kd5 78. Qe4+ Kc5 79. h8=Q Kb6 80. Qhd4+ Kb5 81. Qee5+ Kc6 82.
Qdd6+ Kb7 83. Qee7+ Ka8 84. Qdd8# {Black checkmated} 1-0

[Event "ICC tourney 2784 (30 10)"]
[Site "Internet Chess Club"]
[Date "2022.01.02"]
[Round "4"]
[White "PRIYADARSHI, VED:ved2006"]
[Black "PHADKE, VIRAJ SHARAD:virajphadke"]
[Result "0-1"]
[ICCResult "White resigns"]
[WhiteElo "1650"]
[BlackElo "1598"]
[Opening "QGD semi-Slav: 5.e3"]
[ECO "D45"]
[NIC "SL.08"]
[Time "18:00:12"]
[PlyCount "94"]
[TimeControl "1800+10"]

1. d4 Nf6 2. Nf3 d5 3. e3 e6 4. c4 c6 5. Nc3 Bb4 6. a3 Bxc3+ 7. bxc3 O-O 8.
Bd3 b6 9. O-O Ba6 10. cxd5 Bxd3 11. Qxd3 cxd5 12. a4 Nc6 13. Ba3 Re8 14.
Rac1 Na5 15. Ne5 Nd7 16. f4 Nxe5 17. fxe5 Nc4 18. Ra1 Nxa3 19. Rxa3 Rc8 20.
e4 Qe7 21. Ra2 Qc7 22. Ra3 Qe7 23. Rb3 Rc4 24. exd5 exd5 25. Ra1 Qd7 26.
Rba3 Rec8 27. Qf3 Qe6 28. Rb3 a6 29. Rab1 R8c6 30. Ra3 h6 31. h3 Qd7 32.
Rab3 Qd8 33. Ra3 f6 34. Re1 Re6 35. Re2 fxe5 36. Rxe5 Rxe5 37. dxe5 Re4 38.
Qd3 Rxe5 39. Qxa6 d4 40. Qc4+ Qd5 41. Qxd4 Re1+ 42. Kf2 Qe6 43. Qd8+ Kh7 44.
Qd3+ Re4 45. Ra1 Qf5+ 46. Kg1 Re1+ 47. Rxe1 Qxd3 {White resigns} 0-1

[Event "ICC tourney 2784 (30 10)"]
[Site "Internet Chess Club"]
[Date "2022.01.02"]
[Round "4"]
[White "LIU, PATRICK PEIJUN:JunlinTheWorld"]
[Black "CHINNI, RISHABH:alphachesplayer"]
[Result "1/2-1/2"]
[ICCResult "Game drawn by repetition"]
[WhiteElo "1817"]
[BlackElo "1555"]
[Opening "Bogo-Indian defense"]
[ECO "E11"]
[NIC "QI.01"]
[Time "18:00:16"]
[PlyCount "119"]
[TimeControl "1800+10"]

1. d4 Nf6 2. c4 e6 3. Nf3 Bb4+ 4. Bd2 a5 5. g3 d6 6. Bg2 Nbd7 7. O-O O-O 8.
a3 Bxd2 9. Nbxd2 c5 10. Nb1 Qe7 11. Nc3 cxd4 12. Nxd4 Nb6 13. Qb3 Qc7 14.
Rac1 Qc5 15. Rfd1 a4 16. Qc2 Bd7 17. Ncb5 Bxb5 18. cxb5 Qxc2 19. Rxc2 d5 20.
Rdc1 Rac8 21. Rxc8 Rxc8 22. Rxc8+ Nxc8 23. b3 Nb6 24. bxa4 Nxa4 25. Nb3 Nc3
26. b6 Nd7 27. e3 Nxb6 28. Na5 Nb5 29. Nxb7 Nxa3 30. Nc5 Kf8 31. Nb3 Ke7 32.
e4 dxe4 33. Bxe4 f5 34. Bd3 Nac4 35. h3 Ne5 36. Be2 Nd5 37. f4 Nc6 38. Kf2
Kd6 39. Kf3 e5 40. fxe5+ Kxe5 41. Kf2 g5 42. Nd2 Nd4 43. Bf1 h5 44. Nc4+ Ke6
45. Nd2 Ke5 46. Nc4+ Ke6 47. Nd2 Nf6 48. Bg2 f4 49. gxf4 gxf4 50. Nc4 h4 51.
Nd2 Kf5 52. Bf3 Kg5 53. Ne4+ Nxe4+ 54. Bxe4 Kf6 55. Bg2 Ke5 56. Bb7 Kf5 57.
Bc8+ Ke5 58. Bb7 Kf5 59. Bc8+ Ke5 60. Bb7 {Game drawn by repetition} 1/2-1/2